 Dungeon Crawl Stone Soup version 0.18-a0-1454-g5e6cd1e (webtiles) character file.

5664 MenacingMecha the Carver (level 10, -15/77 HPs)
             Began as a Hill Orc Gladiator on Mar 1, 2016.
             Was a Follower of Makhleb.
             Demolished by a hill giant
             ... wielding a +0 giant club
              (32 damage)
             ... on level 9 of the Dungeon.
             The game lasted 00:28:58 (8933 turns).

MenacingMecha the Carver (Hill Orc Gladiator)       Turns: 8933, Time: 00:28:58

Health: -15/77     AC: 14    Str: 22    XL:     10   Next: 75%
Magic:  10/10      EV:  9    Int:  8    God:    Makhleb [*.....]
Gold:   444        SH:  0    Dex: 13    Spells: 2 memorised, 2 levels left

rFire  . . .     SeeInvis +     a - +10 long sword "Qitehur" {freeze, Dex+2}
rCold  + . .     Gourm    .     X - +5 chain mail "Masauvur" {rC+}
rNeg   . . .     Faith    .     (no shield)
rPois  .         Spirit   .     c - +0 helmet
rElec  .         Dismiss  .     (no cloak)
rCorr  .         Reflect  .     (no gloves)
SustAt +         Harm     .     (no boots)
MR     .....                    (no amulet)
Stlth  ..........               F - ring of see invisible
                                e - ring of sustain attributes

@: not resistant to hostile enchantments, extremely unstealthy
A: no striking features
a: Renounce Religion


You were on level 9 of the Dungeon.
You worshipped Makhleb.
Makhleb was aware of your devotion.
You were not hungry.

You visited 2 branches of the dungeon, and saw 10 of its levels.

You collected 444 gold pieces.

Inventory:

Hand Weapons
 a - the +10 long sword "Qitehur" (weapon) {freeze, Dex+2}
   (You found it on level 5 of the Dungeon)

   It has been specially enchanted to freeze those struck by it, causing extra
   injury to most foes and up to half again as much damage against particularly
   susceptible opponents.
   It can also slow down cold-blooded creatures.
   It affects your dexterity (+2).
 b - a +0 blowgun
 D - a +3 war axe
Missiles
 d - 7 throwing nets
 w - 49 poisoned needles
 x - 4 tomahawks (quivered)
 J - 4 javelins
Armour
 c - a +0 helmet (worn)
 X - the +5 chain mail "Masauvur" (worn) {rC+}
   (You found it on level 8 of the Dungeon)

   It protects you from cold.
Jewellery
 e - a ring of sustain attributes (left hand)
 F - a ring of see invisible (right hand)
 U - an uncursed ring of ice
Wands
 o - a wand of lightning (7/15)
 q - a wand of slowing (14/48)
 B - a wand of iceblast (5/15)
 C - a wand of flame (29/48)
 Q - a wand of flame (23/48)
 S - a wand of lightning (4/15)
 T - a wand of digging (11/24)
Scrolls
 g - 3 scrolls of enchant armour
 i - 3 scrolls of remove curse
 k - 7 scrolls of identify
 p - 2 scrolls of enchant weapon {unknown}
 u - 2 scrolls of random uselessness {unknown}
 y - 3 scrolls of recharging {unknown}
 E - 3 scrolls of teleportation {unknown}
 H - a scroll of noise {unknown}
 I - a scroll of fear {unknown}
 K - a scroll of immolation {unknown}
 N - 2 scrolls of magic mapping
 O - 2 scrolls of fog {unknown}
 R - a scroll of summoning {unknown}
Potions
 j - a potion of agility
 l - a potion of resistance {unknown}
 r - a potion of might {unknown}
 t - 2 potions of magic {unknown}
 v - a potion of ambrosia {unknown}
 z - 3 potions of curing {unknown}
 G - a potion of invisibility {unknown}
 M - 2 potions of flight {unknown}
 P - a potion of brilliance {unknown}
 V - a potion of mutation {unknown}
Books
 s - a book of Enchantments

   Spells                             Type                      Level
   a - Cause Fear                     Hexes                        4
   b - Yara's Violent Unravelling     Hexes/Transmutation          5
   c - Silence                        Hexes/Air                    5
   d - Deflect Missiles               Charms/Air                   6
   e - Haste                          Charms                       6
   f - Discord                        Hexes                        8
 L - a book of Cantrips

   Spells                             Type                      Level
   a - Corona                         Hexes                        1
   b - Animate Skeleton               Necromancy                   1
   c - Summon Small Mammal            Summoning                    1
   d - Apportation                    Translocation                1
 W - the Grimoire of Shape Shifting
   (You found it on level 8 of the Dungeon)

   Spells                             Type                      Level
   a - Beastly Appendage              Transmutation                1
   b - Spider Form                    Transmutation/Poison         3
   c - Ice Form                       Ice/Transmutation            4
   d - Hydra Form                     Transmutation                6
Comestibles
 f - 10 bread rations
 h - 4 meat rations
 m - 8 beef jerkies
 n - 5 fruits
 A - a royal jelly
 Y - 8 chunks of flesh


   Skills:
 + Level 3.4 Fighting
 - Level 14.0 Long Blades
 - Level 10.3 Axes
 - Level 1.7 Throwing
 + Level 1.8 Armour
 + Level 2.9 Dodging


You had 2 spell levels left.
You knew the following spells:

 Your Spells              Type           Power        Failure   Level  Hunger
a - Apportation           Tloc           #.........   100%        1    ##.....
b - Haste                 Chrm           #.......     100%        6    #######


Dungeon Overview and Level Annotations

Branches:
Dungeon (9/15)             Temple (1/1) D:4
   Lair: D:8-11         Orc: D:9-12

Altars:
Ashenzari
Cheibriados
Dithmenos
Elyvilon
Fedhas
Gozag
Kikubaaqudgha
Makhleb
Nemelex Xobeh
Okawaru
Pakellas
Qazlal
Ru
Sif Muna
Trog
Vehumet
Xom
Yredelemnul
Zin
The Shining One

Annotations:
D:6 SkyBlueFox's ghost, novice DsMo


Message History

Beogh smites you!
An orc comes into view. It is wielding a dagger.
There is an open door here.
There are monsters nearby!
You hit the hill giant. You freeze the hill giant.
The hill giant is lightly wounded.
The hill giant closely misses you.
You barely miss the hill giant.
The hill giant is lightly wounded.
The hill giant hits you with a giant club!!
You slash the hill giant! You freeze the hill giant.
The hill giant is moderately wounded.
You slash the hill giant! You freeze the hill giant.
The hill giant is heavily wounded.
The hill giant hits you with a giant club!!
* * * LOW HITPOINT WARNING * * *
You hear a horrible gurgling sound!
The orc priest looks braver for a moment.
The hill giant hits you with a giant club!!
You die...

#.##.# #..# #..#
#.# #..# #
#.##.####''####..#
#.# #..# #
......8#.o#8....#
#.# #..# # ...
+/.Y.Y....# #.#
#<.#####
......8####8....#
#.# #.......
..#........)(Y..#
#.# #.......
####...#(###Y.#
#.# #...#### #..#
#.....# #.C# #.#
#...# #..# #...###
#.@# #.# #...#
#..# #... #..# #.#
#...# #..# #...
#..####.# #...#
#..# #...#
#....)).# #...#
#..# #...#
#.####).# #...#
#..# #...# #.#
#..####...# #..#
#...# #.#
#.........# ...#
#...# #.#
#.........# #..#
#...#####.#
#.........#


You could see a hill giant and 3 yaks.

Vanquished Creatures
  A hill giant (D:9)
  A cyclops (D:9)
  A two-headed ogre (D:8)
  Eustachio (D:5)
  A hungry ghost (D:9)
  2 steam dragons (D:8)
  A vampire mosquito (D:9)
  2 hippogriffs
  2 orc warriors
  A black bear (D:7)
  2 ice beasts
  A sky beast (D:9)
  3 ogres
  4 phantoms
  2 centaurs
  A crocodile (D:9)
  A big kobold (D:7)
  2 giant frogs
  A wyvern skeleton (D:7)
  5 scorpions
  7 wights
  4 crimson imps
  2 jellies (D:9)
  3 giant frog zombies (D:5)
  A quasit (D:8)
  2 gnoll shamans
  3 hounds
  A centaur skeleton (D:4)
  2 orc priests
  11 orc wizards
  Ijyb (D:2)
  7 worker ants
  2 hound skeletons
  A worker ant zombie (D:9)
  14 gnolls
  12 adders
  2 shadow imps
  4 adder skeletons
  3 worms
  2 dart slugs
  7 giant geckos
  32 orcs
  2 bats
  8 giant cockroaches
  4 hobgoblins
  12 jackals
  A quokka (D:5)
  6 giant newts
  6 goblins
  15 kobolds
  6 rats
218 creatures vanquished.

Vanquished Creatures (others)
  A human (D:8)
1 creature vanquished.

Grand Total: 219 creatures vanquished

Notes
Turn   | Place    | Note
--------------------------------------------------------------
     0 | D:1      | MenacingMecha the Hill Orc Gladiator began the quest for the Orb.
     0 | D:1      | Reached XP level 1. HP: 18/18 MP: 1/1
    38 | D:1      | Reached XP level 2. HP: 23/25 MP: 2/2
   189 | D:1      | Reached skill level 5 in Axes
   546 | D:1      | Reached XP level 3. HP: 28/30 MP: 3/3
  1036 | D:2      | Found a basalt altar of Yredelemnul.
  1130 | D:2      | Found a shattered altar of Ashenzari.
  1217 | D:2      | Found a shimmering altar of Xom.
  1223 | D:2      | Found a glowing golden altar of the Shining One.
  1372 | D:2      | Reached XP level 4. HP: 37/37 MP: 4/4
  1380 | D:2      | Noticed Ijyb
  1388 | D:2      | Killed Ijyb
  1861 | D:3      | Reached XP level 5. HP: 35/42 MP: 5/5
  2371 | D:4      | Found a staircase to the Ecumenical Temple.
  2383 | Temple   | Entered the Ecumenical Temple
  2501 | D:4      | Reached XP level 6. HP: 44/50 MP: 6/6
  2741 | D:4      | Found a blossoming altar of Fedhas.
  2988 | D:4      | Found an iron altar of Okawaru.
  3061 | D:4      | Reached skill level 10 in Axes
  3061 | D:4      | Reached XP level 7. HP: 49/56 MP: 7/7
  3739 | D:5      | Entered Level 5 of the Dungeon
  3758 | D:5      | Got an ancient long sword
  3769 | D:4      | Identified the +10 long sword "Qitehur" {freeze, Dex+2} (You found it on level 5 of the Dungeon)
  3790 | D:5      | Reached skill level 1 in Long Blades
  3805 | D:5      | Reached skill level 2 in Long Blades
  3831 | D:5      | Reached skill level 3 in Long Blades
  3937 | D:5      | Reached skill level 4 in Long Blades
  4384 | D:5      | Reached skill level 5 in Long Blades
  4384 | D:5      | Reached XP level 8. HP: 47/62 MP: 8/8
  4821 | D:5      | Noticed Eustachio
  4829 | D:5      | Killed Eustachio
  4829 | D:5      | Reached skill level 6 in Long Blades
  5181 | D:6      | Noticed SkyBlueFox's ghost (novice DsMo)
  5254 | D:6      | Reached skill level 7 in Long Blades
  5334 | D:6      | Found a deep blue altar of Sif Muna.
  5693 | D:6      | Reached skill level 8 in Long Blades
  5717 | D:6      | Learned a level 1 spell: Apportation
  5724 | D:6      | Learned a level 6 spell: Haste
  5731 | D:6      | Found a radiant altar of Vehumet.
  5925 | D:6      | Reached skill level 9 in Long Blades
  5925 | D:6      | Reached XP level 9. HP: 41/68 MP: 9/9
  6106 | D:7      | Found a glowing silver altar of Zin.
  6217 | D:7      | Reached skill level 10 in Long Blades
  6594 | D:7      | Reached skill level 11 in Long Blades
  7369 | D:8      | Found a burning altar of Makhleb.
  7375 | D:8      | Became a worshipper of Makhleb the Destroyer
  7435 | D:8      | Noticed a two-headed ogre
  7441 | D:8      | Reached skill level 12 in Long Blades
  7446 | D:8      | Killed a two-headed ogre
  7446 | D:8      | Reached XP level 10. HP: 62/74 MP: 10/10
  7508 | D:8      | Identified the Grimoire of Shape Shifting
  7594 | D:8      | Got an encrusted chain mail
  7595 | D:8      | Identified the +5 chain mail "Masauvur" {rC+} (You found it on level 8 of the Dungeon)
  7722 | D:8      | Found an ancient bone altar of Kikubaaqudgha.
  8023 | D:9      | Reached skill level 13 in Long Blades
  8169 | D:9      | Reached * piety under Makhleb
  8583 | D:9      | Found a deep blue altar of Sif Muna.
  8854 | D:9      | Found a large runed door.
  8854 | D:9      | Noticed a cyclops
  8855 | D:9      | Noticed a hill giant
  8858 | D:9      | Found a large runed door.
  8872 | D:9      | Killed a hill giant
  8874 | D:9      | Reached skill level 14 in Long Blades
  8882 | D:9      | Killed a cyclops
  8882 | D:9      | Reached skill level 1 in Armour
  8919 | D:9      | Noticed a hill giant
  8933 | D:9      | Demolished by a hill giant

Vault maps used:
D:1:      elethiomel_arrival_shortcut
D:2:      lemuel_crystal_altar, ashenzari_altar_1,
          amethyst_overflow_temple_binary, uniq_iyjb
D:4:      nicolae_overflow_hidden_temple, minmay_temple_entry_overgrown,
          okawaru_gym_becter
D:5:      first_bread, uniq_eustachio
D:6:      kennysheep_orc_sif_temple, kennysheep_little_box
D:7:      basic_altar, grunt_ogre_cave
D:8:      lemuel_round_altar, tgw_kikubaaqudgha
D:9:      kennysheep_mini, erik_lair_dragon, jmf_multi_god_temple2
Temple:   temple_eino_lava_12

Skill      XL: |  1  2  3  4  5  6  7  8  9 10 |
---------------+-------------------------------+-----
Axes           | 5 6 7 8 10 | 10.3
Long Blades    | 5 9 12 14 | 14.0
Fighting       | 3 |  3.4
Armour         | 1 |  1.8
Throwing       | |  1.7
Dodging        | |  2.9

Action                   |  1- 3 |  4- 6 |  7- 9 | 10-12 || total
-------------------------+-------+-------+-------+-------++-------
Melee: War axe           |    96 |   123 |    17 |       ||   236
       Long sword        |       |       |   228 |   100 ||   328
 Fire: Blowgun           |       |    14 |    56 |    30 ||   100
Throw: Tomahawk          |       |       |     2 |     2 ||     4
  Use: Scroll            |     3 |       |     1 |     1 ||     5
       Potion            |       |       |     1 |       ||     1
  Eat: Chunk             |     2 |     5 |    14 |     5 ||    26
